AoeStats
← RagnarLothbrok

Lombardia

509217774Analyzed
4v4 RM · 7d ago on Sep 25, 2026· 44m 27s· 8 players
Game mode
Random Map
Map size
Large (8 player)
Population
200
Speed
Normal
Resources
Standard
Victory
Conquest
Starting age
Dark Age
Ending age
Imperial Age
RankedLock teamsTeams togetherTeam positionsShared explorationLock speedFull tech treeHidden civsTurbo modeCheats
Victory
Defeat
🇲🇽 Franks · Mexico
1501
+12
🇻🇪 Mongols · Venezuela
1383
+17
🇲🇽 Cumans · Mexico
1331
+19
🇨🇱 Mapuche · Chile
1325
+19
🇨🇱 Vietnamese · Chile
1440
-18
🇲🇽 Franks · Mexico
1407
-17
🇫🇷 Khmer · France
1394
-16
🇺🇸 Hindustanis · United States
1385
-16
VL Ferdinand
6:26 Loom
9:26 Feudal Age
10:52 Wheelbarrow
10:24 Double-Bit Axe
16:07 Castle Age
21:23 Bow Saw
24:01 Husbandry
24:42 Scale Barding Armor
25:26 Fletching
26:44 Gold Mining
27:11 Squires
27:02 Pikeman
28:04 Forging
28:16 Town Watch
29:35 Scale Mail Armor
32:19 Hand Cart
34:37 Imperial Age
33:33 Iron Casting
35:46 Chain Barding Armor
34:55 Cavalier
36:58 Gold Shaft Mining
37:43 Plate Barding Armor
38:09 Blast Furnace
37:33 Stone Mining
37:25 Light Cavalry
38:49 Paladin
41:25 Chain Mail Armor
42:39 Conscription
43:20 Caravan
King Hotuiti
11:33 Feudal Age
15:27 Castle Age
13:40 Double-Bit Axe
13:38 Horse Collar
16:25 Bow Saw
20:30 Town Watch
21:21 Wheelbarrow
20:33 Town Watch
21:26 Wheelbarrow
21:26 Fletching
21:24 Loom
22:55 Gold Mining
24:15 Bodkin Arrow
24:38 Stone Mining
26:00 Ballistics
26:18 Padded Archer Armor
31:21 Imperial Age
29:45 Stone Shaft Mining
29:58 Hand Cart
30:14 Leather Archer Armor
30:57 Town Watch
32:19 Heavy Plow
32:29 Bracer
33:33 Chemistry
33:02 Elite Rattan Archer
34:48 Paper Money
37:01 Hoardings
36:38 Masonry
36:50 Town Patrol
37:09 Thumb Ring
38:55 Two-Man Saw
38:26 Crop Rotation
Dedpool_Aoe
10:11 Feudal Age
13:45 Castle Age
12:26 Double-Bit Axe
13:13 Horse Collar
18:15 Bow Saw
20:37 Wheelbarrow
28:04 Pikeman
30:40 Scale Mail Armor
30:50 Forging
31:26 Forging
31:35 Hand Cart
34:29 Imperial Age
35:13 Halberdier
36:03 Heavy Plow
36:31 Chain Mail Armor
36:52 Iron Casting
36:27 Capped Ram
37:52 Siege Ram
42:38 Blast Furnace
Bungo
8:44 Loom
10:30 Feudal Age
11:55 Double-Bit Axe
12:13 Horse Collar
17:56 Forging
18:27 Scale Barding Armor
23:33 Castle Age
22:21 Bloodlines
22:04 Gold Mining
26:06 Wheelbarrow
26:58 Bow Saw
27:37 Iron Casting
27:19 Husbandry
30:08 Gold Shaft Mining
38:46 Imperial Age
37:19 Chain Barding Armor
38:14 Grand Trunk Road
38:08 Stone Mining
38:56 Caravan
39:27 Coinage
39:07 Heavy Camel Rider
40:50 Blast Furnace
41:12 Plate Barding Armor
41:38 Imperial Camel Rider
Rosse SinClan
9:11 Feudal Age
9:58 Double-Bit Axe
17:37 Castle Age
16:57 Horse Collar
18:34 Bloodlines
18:36 Bow Saw
18:47 Scale Barding Armor
19:13 Loom
20:24 Wheelbarrow
22:53 Forging
23:31 Gold Mining
26:24 Gold Shaft Mining
28:44 Iron Casting
33:45 Imperial Age
32:59 Chain Barding Armor
33:40 Hand Cart
35:35 Chemistry
34:03 Elite Steppe Lancer
37:00 Ballistics
40:20 Blast Furnace
39:59 Plate Barding Armor
42:14 Caravan
42:28 Stone Mining
42:45 Steppe Husbandry
42:14 Light Cavalry
Vmmp11
6:26 Loom
8:56 Feudal Age
9:37 Double-Bit Axe
15:26 Wheelbarrow
19:32 Castle Age
18:09 Gold Mining
19:01 Scale Barding Armor
19:38 Forging
20:40 Chain Barding Armor
20:39 Husbandry
22:07 Bow Saw
28:41 Forging
30:20 Iron Casting
38:27 Imperial Age
35:58 Fletching
36:38 Bodkin Arrow
38:55 Padded Archer Armor
38:31 Cavalier
39:49 Plate Barding Armor
40:22 Blast Furnace
40:02 Paladin
41:00 Padded Archer Armor
41:32 Conscription
41:55 Chivalry
42:16 Scale Mail Armor
43:27 Caravan
44:34 Chain Mail Armor
44:37 Hand Cart
44:08 Town Watch
44:16 Stone Mining
MaximoMGM
7:07 Loom
9:38 Feudal Age
11:04 Horse Collar
11:10 Double-Bit Axe
16:31 Castle Age
18:27 Bow Saw
20:44 Wheelbarrow
21:58 Heavy Plow
22:18 Fletching
23:49 Town Watch
25:43 Gold Mining
28:07 Hand Cart
30:42 Imperial Age
28:23 Bodkin Arrow
28:22 Stone Mining
28:51 Padded Archer Armor
29:24 Ballistics
29:26 Caravan
31:11 Gold Shaft Mining
31:16 Stone Shaft Mining
31:00 Leather Archer Armor
30:58 Masonry
31:05 Elite Bolas Rider
32:07 Conscription
32:38 Butalmapu
33:51 Chemistry
33:24 Malon
34:32 Hoardings
41:11 Coinage
RagnarLothbrok
5:56 Loom
8:15 Feudal Age
9:05 Double-Bit Axe
10:21 Horse Collar
14:18 Wheelbarrow
15:14 Wheelbarrow
18:17 Castle Age
17:05 Forging
18:20 Gold Mining
19:15 Bow Saw
23:52 Heavy Plow
27:04 Gold Shaft Mining
26:19 Stone Mining
27:25 Hand Cart
29:12 Town Watch
30:18 Stone Shaft Mining
30:07 Fletching
31:05 Gold Shaft Mining
30:57 Masonry
31:10 Ballistics
31:32 Bodkin Arrow
34:22 Imperial Age
32:28 Nomads
33:58 Bloodlines
33:49 Husbandry
33:53 Padded Archer Armor
33:59 Thumb Ring
34:58 Town Patrol
36:11 Chemistry
35:12 Bracer
37:13 Parthian Tactics
36:45 Capped Ram
37:47 Conscription
38:35 Drill
38:31 Onager
39:27 Leather Archer Armor
39:14 Siege Ram
40:23 Caravan
41:47 Siege Onager
43:01 Elite Mangudai
Connection lost

Rejoining the realm…

Still unreachable

The connection could not be restored.

Session expired

The server has moved on; the page needs a fresh start.